 Dungeon Crawl Stone Soup version 0.21.2-1-g0862bd23eb (webtiles) character file.

5678 MordorOrchid the Geomancer (level 10, -2/90 (91) HPs)
             Began as an Octopode Earth Elementalist on Nov 25, 2019.
             Was an Initiate of Gozag.
             Slain by an unseen horror (12 damage)
             ... on level 10 of the Dungeon.
             The game lasted 00:42:04 (7466 turns).

MordorOrchid the Geomancer (OpEE)                   Turns: 7466, Time: 00:42:05

HP:   -2/90 (91)    AC:  1    Str: 12    XL:     10   Next: 75%
MP:   20/22         EV: 16    Int: 21    God:    Gozag
Gold: 109           SH:  0    Dex: 13    Spells: 10/25 levels left

rFire    + . .     SeeInvis .   y - +2 short sword (venom)
rCold    . . .     Gourm    .   (no shield)
rNeg     + . .     Faith    .   (helmet restricted)
rPois    .         Spirit   .   G - amulet of regeneration
rElec    .         Reflect  .   h - ring of stealth
rCorr    +         Harm     .   n - ring of protection from fire
MR       .....                  E - ring of resist corrosion
Stlth    ..........             W - ring of positive energy
HPRegen  0.65/turn              (no ring)
MPRegen  0.18/turn              (no ring)
                                (no ring)
                                (no ring)

@: berserking, marked, gold aura, very quick
A: almost no armour, stealthy swim, amphibious, 8 rings, constrict 8, camouflage
1, gelatinous body 1
a: Potion Petition, Call Merchant, Bribe Branch, Renounce Religion


You were on level 10 of the Dungeon.
You worshipped Gozag.
Gozag was aware of your devotion.
You were not hungry.

You visited 2 branches of the dungeon, and saw 11 of its levels.

You collected 1239 gold pieces.
You spent 1061 gold pieces at shops.
You paid 69 gold pieces to Gozag.

Inventory:

Hand Weapons
 j - the +2 hunting sling of Roakapa {velocity, Dex+2}
   (You bought it in a shop on level 7 of the Dungeon)

   Any stone fired from it inflicts extra damage.
   It affects your dexterity (+2).
 u - a +2 shortbow of flaming
 v - a +0 rapier
 y - a +2 short sword of venom (weapon)
 C - a +2 hunting sling of velocity
 I - the +6 falchion "Ditoludaef" {freeze, MR- Int+7 Dex+2, unknown}
   (You found it on level 10 of the Dungeon)

   It has been specially enchanted to freeze those struck by it, causing extra
   injury to most foes and up to half again as much damage against particularly
   susceptible opponents.
   It can also slow down cold-blooded creatures.
   It affects your intelligence (+7).
   It affects your dexterity (+2).
   It affects your resistance to hostile enchantments.
 Q - a +0 blowgun
Missiles
 a - 16 bolts
 b - 136 stones (quivered)
 s - 110 sling bullets
 w - 111 arrows
 X - 9 poisoned needles
 Y - 3 tomahawks
Jewellery
 h - a ring of stealth (left tentacle)
 n - a ring of protection from fire (right tentacle)
 E - a ring of resist corrosion (on tentacle)
 G - an amulet of regeneration (around mantle)
 W - a ring of positive energy (on tentacle)
 Z - an uncursed amulet of guardian spirit {unknown}
Wands
 A - a wand of disintegration (20)
 P - a wand of paralysis (13)
 V - a wand of iceblast (20)
Scrolls
 f - 3 scrolls of fog
 g - a scroll of blinking
 k - a scroll of enchant weapon
 l - 2 scrolls of amnesia
 m - 3 scrolls of teleportation
 q - a scroll of fear
 t - a scroll of remove curse {unknown}
 H - a scroll of random uselessness {unknown}
 N - 2 scrolls of enchant armour
 O - a scroll of immolation {unknown}
 T - a scroll of noise {unknown}
Potions
 e - 7 potions of curing
 i - a potion of mutation {unknown}
 o - 2 potions of might
 p - a potion of invisibility
 r - 2 potions of magic
 x - 2 potions of heal wounds
 z - 2 potions of haste
 B - a potion of agility {unknown}
 D - a potion of brilliance {unknown}
 F - a potion of ambrosia
 J - 3 potions of flight
 L - 2 potions of lignification
 M - a potion of berserk rage
 R - a potion of resistance {unknown}
 S - a potion of degeneration {unknown}
 U - a potion of cancellation
Books
 d - a book of Geomancy

   Spells                             Type                      Level
   a - Sandblast                      Earth                        1
   b - Passwall                       Transmutation/Earth          2
   c - Stone Arrow                    Conjuration/Earth            3
   d - Petrify                        Transmutation/Earth          4
   e - Lee's Rapid Deconstruction     Earth                        5
 K - a book of Air

   Spells                             Type                      Level
   a - Shock                          Conjuration/Air              1
   b - Swiftness                      Charms/Air                   2
   c - Static Discharge               Conjuration/Air              3
   d - Airstrike                      Air                          4
   e - Lightning Bolt                 Conjuration/Air              5
Comestibles
 c - 12 rations


   Skills:
 * Level 2.6 Fighting
 - Level 2.0 Short Blades
 * Level 6.5 Dodging
 - Level 5.4 Stealth
 + Level 8.2 Spellcasting
 - Level 3.0 Conjurations
 - Level 4.0 Transmutations
 + Level 8.3 Earth Magic
 - Level 5.0 Evocations


You had 10 spell levels left.
You knew the following spells:

 Your Spells              Type           Power        Failure   Level  Hunger
a - Sandblast             Erth           #####.       1%          1    None
d - Petrify               Tmut/Erth      ####....     6%          4    ###....
f - Stone Arrow           Conj/Erth      ####..       2%          3    None
v - Lee's Rapid Deconstr  Erth           #####.....   7%          5    #####..
w - Passwall              Tmut/Erth      ####......   1%          2    None


Dungeon Overview and Level Annotations

Branches:
Dungeon (10/15)            Temple (1/1) D:4
   Lair: D:8-11         Orc: D:9-12

Altars:
Ashenzari
Cheibriados
Dithmenos
Elyvilon
Fedhas
Gozag
Hepliaklqana
Kikubaaqudgha
Makhleb
Nemelex Xobeh
Okawaru
Qazlal
Ru
Sif Muna
Trog
Uskayaw
Vehumet
Wu Jian
Xom
Yredelemnul
Zin
The Shining One
Beogh

Shops:
D:5 !   D:7 *   D:10 }


Innate Abilities, Weirdness & Mutations

You cannot wear most types of armour.
You are very stealthy in the water. (Stealth+)
You are amphibious.
You can wear up to eight rings at the same time.
You can use your tentacles to constrict eight enemies at once.
Your skin changes colour to match your surroundings (Stealth+).
Your rubbery body absorbs attacks. (AC +1, EV +1)


Message History

You don't know that spell.
There are monsters nearby!
A red film seems to cover your vision as you go berserk!
You feel yourself moving faster!
You feel mighty! Something hits you. Something hits you but does no damage.
Something hits you!
An orc comes into view.
You puncture something! Something hits you.
You completely miss something. Your squeeze misses something.
Something barely misses you. Something hits you but does no damage.
You puncture something! Something hits you!
* * * LOW HITPOINT WARNING * * *
Something hits you.
* * * LOW HITPOINT WARNING * * *
The crimson imp blinks!
You hit something but do no damage. Your squeeze misses something.
Something hits you!
* * * LOW HITPOINT WARNING * * *
Something hits you!
You die...
Your body crumbles into a pile of gold.

# #+ 5# # #.# .# #
#.# .# ######.## .#
........## .#
.###..... .#
....#...###########.#
.##.##.....o.5..@{K.#
.##...).#############
.#####..# .#####..#
........# ######.##
#.# #.#
#.##############


You could see a crimson imp, an orc and a kobold.

Vanquished Creatures
  The ghost of CALLOUS the Fighter, a novice HOEn of Beogh (D:8)
  2 two-headed ogres
  A hippogriff (D:8)
  A hungry ghost (D:8)
  A water moccasin (D:6)
  2 orc warriors
  2 ice beasts
  A phantom (D:10)
  4 sky beasts
  2 black bears (D:7)
  2 necrophages
  2 ogres (D:8)
  4 centaurs
  A big kobold (D:10)
  6 bullfrogs
  A wyvern zombie (D:8)
  2 scorpions
  5 killer bees (D:7)
  A crimson imp (D:5)
  A bullfrog zombie (D:8)
  A bullfrog skeleton (D:5)
  A hound (D:6)
  A jelly (D:6)
  4 orc priests
  5 orc wizards
  An iguana (D:10)
  4 worker ants
  2 worker ant zombies
  A howler monkey skeleton (D:7)
  11 adders
  2 oozes
  An adder zombie (D:8)
  An adder skeleton (D:10)
  5 worms
  3 dart slugs
  6 leopard geckos
  33 orcs
  7 bats
  3 giant cockroaches
  4 goblins
  6 hobgoblins
  3 jackals (D:2)
  17 kobolds
  2 quokkas
  2 ball pythons
  6 frilled lizards
  A jackal skeleton (D:5)
  A leopard gecko zombie (D:7)
  A quokka skeleton (D:7)
  10 rats
187 creatures vanquished.

Notes
Turn   | Place    | Note
-------+----------+-------------------------------------------
     0 | D:1      | MordorOrchid the Octopode Earth Elementalist began the quest for the Orb.
     0 | D:1      | Reached XP level 1. HP: 11/11 MP: 3/3
    64 | D:1      | Reached XP level 2. HP: 12/18 MP: 3/5
    71 | D:1      | Learned a level 2 spell: Passwall
   319 | D:1      | Reached XP level 3. HP: 22/22 MP: 0/6
   334 | D:1      | Learned a level 3 spell: Stone Arrow
   872 | D:2      | Found a shadowy altar of Dithmenos.
  1100 | D:2      | Reached skill level 1 in Fighting
  1132 | D:2      | Reached XP level 4. HP: 15/28 MP: 3/8
  1439 | D:2      | Reached XP level 5. HP: 30/33 MP: 5/9
  1691 | D:2      | Reached skill level 1 in Conjurations
  1865 | D:3      | Found a shattered altar of Ashenzari.
  1875 | D:3      | Noticed a sky beast
  1882 | D:3      | Learned a level 4 spell: Petrify
  2496 | D:3      | Killed a sky beast
  2496 | D:3      | Reached XP level 6. HP: 33/39 MP: 8/11
  2631 | D:4      | Found a staircase to the Ecumenical Temple.
  2763 | D:4      | Reached skill level 1 in Short Blades
  2767 | D:4      | Found an opulent altar of Gozag.
  2858 | Temple   | Entered the Ecumenical Temple
  2955 | Temple   | Became a worshipper of Gozag Ym Sagoz the Greedy
  3305 | D:5      | Entered Level 5 of the Dungeon
  3365 | D:5      | Reached XP level 7. HP: 21/45 MP: 4/13
  3821 | D:5      | Found Hubrol's Distillery.
  3834 | D:5      | Bought a potion of heal wounds for 60 gold pieces
  3834 | D:5      | Bought a potion of lignification for 36 gold pieces
  3834 | D:5      | Bought a potion of berserk rage for 60 gold pieces
  3834 | D:5      | Bought a potion of haste for 120 gold pieces
  4225 | D:6      | Found a stormy altar of Qazlal.
  4289 | D:6      | Reached XP level 8. HP: 49/49 MP: 7/15
  4418 | D:6      | Reached skill level 5 in Earth Magic
  4420 | D:6      | Reached skill level 5 in Spellcasting
  4845 | D:6      | Learned a level 5 spell: Lee's Rapid Deconstruction
  5246 | D:7      | Reached XP level 9. HP: 40/53 MP: 16/18
  5418 | D:7      | Reached skill level 1 in Evocations
  5496 | D:7      | Found Sagic Sym's Assorted Antiques.
  5524 | D:7      | Bought a tubular emerald ring for 170 gold pieces
  5575 | D:7      | Reached skill level 5 in Stealth
  5693 | D:8      | Reached skill level 5 in Dodging
  5816 | D:8      | Found a bloodstained altar of Trog.
  5916 | D:8      | Noticed a two-headed ogre
  6036 | D:7      | Killed a two-headed ogre
  6247 | D:8      | Reached XP level 10. HP: 38/59 MP: 4/20
  6538 | D:8      | Found a roughly hewn altar of Beogh.
  6633 | D:7      | Bought a dented diamond amulet for 170 gold pieces
  6633 | D:7      | Bought a twisted hunting sling for 221 gold pieces
  6786 | D:8      | Noticed CALLOUS's ghost (novice HOEn)
  6842 | D:8      | Killed CALLOUS's ghost
  7109 | D:10     | Entered Level 10 of the Dungeon
  7204 | D:10     | Found Qoutex's Gadget Shop.
  7210 | D:10     | Bought a wand of iceblast (10) for 224 gold pieces
  7219 | D:10     | Identified the +2 hunting sling of Roakapa {velocity, Dex+2} (You bought it in a shop on level 7 of the Dungeon)
  7235 | D:10     | Noticed a two-headed ogre
  7253 | D:10     | Killed a two-headed ogre
  7366 | D:10     | Got a fine falchion
  7460 | D:10     | Reached skill level 5 in Evocations
  7466 | D:10     | Slain by an unseen horror

Skill      XL: |  1  2  3  4  5  6  7  8  9 10 |
---------------+-------------------------------+-----
Stealth        | 3 5 |  5.4
Fighting       | 1 2 |  2.6
Spellcasting   | 3 4 6 7 8 |  8.2
Conjurations   | 1 2 3 |  3.0
Earth Magic    | 4 6 7 8 |  8.3
Short Blades   | 1 2 |  2.0
Dodging        | 3 4 5 6 |  6.5
Transmutations | 2 3 4 |  4.0
Evocations     | 3 5 |  5.0

Action                   |  1- 3 |  4- 6 |  7- 9 | 10-12 || total
-------------------------+-------+-------+-------+-------++-------
Melee: Unarmed           |    17 |       |       |       ||    17
       Constrict         |    13 |    17 |    19 |    19 ||    68
       Tentacles         |     5 |     8 |    25 |    13 ||    51
       Dagger            |    29 |    42 |       |       ||    71
       Rapier            |       |    20 |       |       ||    20
       Short sword       |       |    16 |   108 |    81 ||   205
 Cast: Sandblast         |    26 |    38 |    53 |    20 ||   137
       Stone Arrow       |       |     4 |     3 |     8 ||    15
       Petrify           |       |       |    18 |    13 ||    31
       Lee's Rapid Decon |       |       |     1 |     2 ||     3
Evoke: Wand              |       |       |       |     8 ||     8
  Use: Scroll            |       |     5 |    10 |     2 ||    17
       Potion            |       |     1 |     3 |     1 ||     5
 Stab: Sleeping          |    13 |    21 |    13 |     3 ||    50
       Distracted        |       |     1 |       |       ||     1
       Petrified         |       |       |    48 |    24 ||    72
       Invisible         |       |       |     2 |       ||     2
       Petrifying        |       |       |     1 |       ||     1
  Eat: Chunk             |     1 |     5 |       |       ||     6
       Ration            |       |     1 |     3 |     2 ||     6
Armor: Skin              |     7 |     5 |     2 |     4 ||    18
Dodge: Dodged            |    32 |    51 |    61 |    48 ||   192
